 Dungeon Crawl Stone Soup version 0.31.0-11-ge490571c62 (webtiles) character file.

Game seed: 3472480169237539771

24 Arctor the Firebug (level 2, 0/15 HPs)
             Began as a Deep Elf Fire Elementalist on Feb 2, 2024.
             Slain by an orc wizard
             ... wielding a +0 dagger
              (3 damage)
             ... on level 1 of the Dungeon.
             The game lasted 00:01:47 (1257 turns).

Arctor the Firebug (Deep Elf Fire Elementalist)     Turns: 1257, Time: 00:01:47

Health: 0/15       AC:  2    Str:  5    XL:     2   Next: 79%
Magic:  4/8        EV: 13    Int: 19    God:
Gold:   16         SH:  0    Dex: 15    Spells: 6/7 levels left

rFire   . . .        (no weapon)
rCold   . . .        (no shield)
rNeg    . . .        a - +0 robe
rPois   +            (no helmet)
rElec   .            (no cloak)
rCorr   .            (no gloves)
SInv    +            (no boots)
Will    .....        (no amulet)
Stlth   +            h - ring of see invisible
HPRegen 0.22/turn    g - ring of poison resistance
MPRegen 0.11/turn

%: no passive effects
@: confused, very slightly contaminated
A: no striking features
a: no special abilities


You were on level 1 of the Dungeon.
You visited 1 branch of the dungeon, and saw 2 of its levels.

You collected 16 gold pieces.

Inventory:

Armour
 a - a +0 robe (worn)
Jewellery
 g - a ring of poison resistance (right hand)
 h - a ring of see invisible (left hand)
Scrolls
 c - 3 scrolls of identify {unknown}
 i - a scroll of poison {unknown}
Potions
 b - a potion of magic
 d - 3 potions of curing {unknown}
 e - a potion of might {unknown}
 f - a potion of lignification {unknown}


   Skills:
 + Level 2.8 Dodging
 + Level 2.9 Stealth
 + Level 3.4 Spellcasting
 + Level 1.6 Conjurations
 + Level 3.5 Fire Magic


You had 6 spell levels left.
You knew the following spells:

 Your Spells              Type           Power      Damage    Failure   Level
a - Foxfire               Conj/Fire      52%        2x1d6     4%          1

Your spell library contained the following spells:

 Spells                   Type           Power      Damage    Failure   Level
 Scorch                   Fire           32%        2d6       4%          2
 Inner Flame              Hex/Fire       10%        N/A       22%         3
 Volatile Blastmotes      Fire/Tloc      20%        2d11      22%         3
 Flame Wave               Conj/Fire      13%        2d6       45%         4


Dungeon Overview and Level Annotations

Branches:
Dungeon (2/15)

Altars:


Message History

Unknown command.
You conjure some foxfire!
The foxfire hits the orc wizard but does no damage.
The foxfire hits the orc wizard.
The orc wizard is lightly wounded.
The orc wizard hits you with a +0 dagger.
The orc hits you with a +0 mace.
The foxfire hits the frilled lizard.
You kill the frilled lizard!
You miscast Foxfire.
You are very lightly contaminated with residual magic.
Nothing appears to happen.
The foxfire hits the orc.
The orc is heavily wounded.
The orc completely misses you. The orc wizard casts a spell at you.
You are confused.
A goblin comes into view. It is wielding a +0 dagger.
You're too confused to cast spells.
There are monsters nearby!
Unknown command.
You're too confused to cast spells.
There are monsters nearby!
You're too confused to cast spells.
You're too confused to cast spells.
You're too confused to cast spells.
Sorry, you're not good enough to have a special ability.
The orc wizard points at you and mumbles some strange words.
You resist with significant effort. The orc barely misses you.
In your confused state, you trip and fall back down the stairs.
The orc wizard casts a spell at you. You resist with significant effort.
The orc hits you with a +0 mace.
* * * LOW HITPOINT WARNING * * *
The orc wizard hits you with a +0 dagger.
* * * LOW HITPOINT WARNING * * *
The orc hits you but does no damage.
You climb upwards.
There is a stone staircase leading down here.
You're too confused to cast spells.
You bump into the rock wall.
The orc wizard hits you with a +0 dagger.
You die...

#).......# #.....##..
##.###.%.# #.....##..
#.###...# ######.....##..
#.......######..........'...
####.##.....##.####.....##..
#.######.#..# #.....##..
#.######...##############
#.#...##.o........#######
#.#...##@o)..............
#.#...##..........####...
#.....'..#........# #.##
###...####........# #.#≈
#...# #........# #.## #...#
####'##### #... ##### #.#
#... ###############.#
#####... #...............#
#.......


You could see an orc wizard and an orc.

Vanquished Creatures
  A dart slug (D:1)
  An orc (D:2)
  An endoplasm (D:1)
  A giant cockroach (D:1)
  8 goblins
  2 hobgoblins (D:1)
  A ball python (D:1)
  2 frilled lizards
  2 kobolds (D:1)
  A rat (D:1)
20 creatures vanquished.

Vanquished Creatures (collateral kills)
  3 foxfires (D:1)
3 creatures vanquished.

Vanquished Creatures (others)
  68 foxfires
68 creatures vanquished.

Grand Total: 91 creatures vanquished

Notes
Turn   | Place    | Note
-------+----------+-------------------------------------------
     0 | D:1      | Arctor the Deep Elf Fire Elementalist began the quest for
                  | the Orb.
     0 | D:1      | Reached XP level 1. HP: 10/10 MP: 6/6
   444 | D:1      | Reached XP level 2. HP: 15/15 MP: 6/8
   812 | D:1      | Found a faded altar of an unknown god.
  1257 | D:1      | Slain by an orc wizard

Illustrated notes

Levels and vault maps discovered:
D:1:      matt_arrival_refuge, layout_basic, hellmonk_ecumenical_altar_run_dry,
          chequers_serial_rivers_micro_a, serial_bayou_ford_a, minivault_19
D:2:      minmay_general_purpose_star, layout_basic, minmay_ruptured

Action                     || total
---------------------------++-------
  Melee: Unarmed           ||     8
   Cast: Foxfire           ||    50
 Armour: Robe              ||    15
  Dodge: Dodged            ||    16
